 Dungeon Crawl Stone Soup version 0.27-a0-67-g4bfc8a49e1 (webtiles) character file.

Game seed: 4883900664580241773

604 wythoutpain the Magician (level 7, -1/57 HPs)
             Began as a White Draconian Hedge Wizard on Jan 9, 2021.
             Succumbed to Eustachio's poison
             ... on level 4 of the Dungeon.
             The game lasted 00:52:04 (7557 turns).

wythoutpain the Magician (DrWz)                     Turns: 7557, Time: 00:52:04

Health: -1/57      AC: 13    Str:  9 (12) XL:     7   Next: 18%
Magic:  13/14      EV: 12    Int: 15 (16) God:
Gold:   238        SH:  0    Dex: 10 (11) Spells: 6/16 levels left

rFire    . . .     SeeInvis .   A - +2 rapier (holy)
rCold    + . .     Faith    .   (no shield)
rNeg     . . .     Spirit   .   (armour unavailable)
rPois    .         Reflect  .   b - +0 hat
rElec    .         Harm     .   j - +2 cloak
rCorr    .         Rampage  .   (no gloves)
Will     .....                  (no boots)
Stlth    ++........             (no amulet)
HPRegen  0.19/turn              t - ring of wizardry
MPRegen  0.14/turn              u - +4 ring of protection

@: lethally poisoned (-1 -> -28), short of breath
A: breathe frost, unfitting armour, cold resistance 1, robust 1, wild magic 1,
cold-blooded, AC +6
a: Breathe Frost


You were on level 4 of the Dungeon.
You visited 1 branch of the dungeon, and saw 4 of its levels.

You collected 238 gold pieces.

Inventory:

Hand Weapons
 d - a +2 whip of pain
 k - a +3 dagger
 q - a +2 quarterstaff of chaos
 A - a +2 rapier of holy wrath (weapon)
Missiles
 g - 150 stones
 s - 10 poisoned darts
Armour
 b - a +0 hat (worn)
 e - a +0 buckler
 j - a +2 cloak (worn)
Jewellery
 t - a ring of wizardry (left hand)
 u - a +4 ring of protection (right hand)
 v - an uncursed ring of ice
Wands
 B - a wand of enslavement (9)
Scrolls
 f - 3 scrolls of amnesia
 h - a scroll of remove curse
 i - a scroll of immolation
 m - a scroll of fear
 y - a scroll of teleportation
 z - a scroll of enchant armour
Potions
 c - a potion of brilliance
 n - a potion of resistance
 p - a potion of berserk rage
 w - a potion of lignification


   Skills:
 + Level 1.3 Fighting
 + Level 2.5 Short Blades
 + Level 2.9 Dodging
 + Level 3.2 Stealth
 + Level 5.2 Spellcasting
 + Level 2.4 Conjurations
 + Level 2.6 Summonings
 + Level 1.0 Translocations


You had 6 spell levels left.
You knew the following spells:

 Your Spells              Type           Power        Failure   Level
a - Magic Dart            Conj           56%          4%          1
b - Blink                 Tloc           N/A          9%          2
c - Call Imp              Summ           15%          5%          2
d - Slow                  Hex            5%           13%         2
e - Mephitic Cloud        Conj/Pois/Air  8%           19%         3

Your spell library contained the following spells:

 Spells                   Type           Power        Failure   Level
 Conjure Flame            Conj/Fire      9%           16%         3


Dungeon Overview and Level Annotations

Branches:
Dungeon (4/15)
 Temple: D:4-7

Altars:
Nemelex Xobeh
Okawaru
Xom
Zin

Shops:
D:4 (

Annotations:
D:4 2 transporters, Eustachio


Innate Abilities, Weirdness & Mutations

You can breathe waves of freezing cold.
You can buffet flying creatures when you breathe cold.
Your icy white scales are hard. (AC +6)
You cannot fit into any form of body armour.
Your flesh is cold resistant. (rC+)
You are cold-blooded and may be slowed by cold attacks.
You are robust. (+10% HP)
Your spells are a little harder to cast, but a little more powerful.


Message History

Eustachio hits you with the +8 trident of the Octopus King {venom, rElec rPois Will+}!
* * * LOW HITPOINT WARNING * * *
The river rat barely misses you. The rat closely misses you.
The shadow imp gestures at you.
You struggle to resist.
You puncture Eustachio!
You tail-slap Eustachio, but do no damage.
Eustachio is severely wounded.
* * * LOW HITPOINT WARNING * * *
You feel very sick. The quokka barely misses you. Eustachio barely misses you.
The river rat barely misses you. The rat bites you but does no damage.
The quokka barely misses you. The shadow imp gestures at you.
Pain shoots through your body!
* * * LOW HITPOINT WARNING * * *
The crimson imp barely misses you. The shadow imp closely misses you.
You hit Eustachio.
Eustachio is almost dead.
You die...

...............##..# ##..###....
..###..........##..## #...##....
...#....##....###...####...###...
.............## #..#......## #...
..##.....[...####.#..#..######...
###..........##......#..[........
##...................#...........
#............#.5rr..........###..
#.:...........#<@@........รท..##..
#............#.r.5..........#....
#................5...#......#....
#........#..##..####.............
#...........###..##......###.....
##..........#....###.#...####....
##.....###.##..#.##......###....
##....# #.##..[#.#...#........#
#...####.##.....#...#.........


You could see Eustachio, a crimson imp (summoned), a river rat (summoned), 2
shadow imps, a quokka (summoned) and a rat (summoned).

Vanquished Creatures
  A howler monkey (D:4)
  3 orc priests
  3 orc wizards (D:3)
  Crazy Yiuf (D:4)
  An iguana (D:4)
  A hound skeleton (D:4)
  Robin (D:3)
  4 adders
  4 gnolls
  4 worms
  2 dart slugs
  6 leopard geckos
  11 orcs
  4 giant cockroaches
  7 hobgoblins
  7 jackals (D:1)
  8 kobolds
  A ball python skeleton (D:4)
  7 bats
  6 frilled lizards
  16 goblins
  7 rats
105 creatures vanquished.

Vanquished Creatures (collateral kills)
  Duvessa (D:4)
  Dowan (D:4)
  An orc wizard (D:2)
  2 gnolls
  2 adders (D:3)
  A worm (D:2)
  3 orcs
  A hobgoblin (D:3)
  5 goblins
  A rat (D:3)
18 creatures vanquished.

Grand Total: 123 creatures vanquished

Notes
Turn   | Place    | Note
-------+----------+-------------------------------------------
     0 | D:1      | wythoutpain the Draconian Hedge Wizard began the quest for
                  | the Orb.
     0 | D:1      | Reached XP level 1. HP: 14/14 MP: 4/4
   236 | D:1      | Reached XP level 2. HP: 7/20 MP: 3/6
   736 | D:1      | Learned a level 2 spell: Blink
   739 | D:1      | Learned a level 2 spell: Call Imp
   742 | D:1      | Learned a level 2 spell: Slow
  1089 | D:1      | Reached XP level 3. HP: 26/26 MP: 2/8
  1774 | D:2      | HP: 1/26 [gnoll/+0 spear (5)]
  2295 | D:2      | Reached XP level 4. HP: 34/34 MP: 9/9
  2379 | D:2      | Upgraded the game from 0.27-a0-65-gfb268537a3 to
                  | 0.27-a0-67-g4bfc8a49e1
  2466 | D:2      | Found a glowing silver altar of Zin.
  2467 | D:2      | Noticed an angel
  2476 | D:2      | Reached skill level 1 in Short Blades
  3041 | D:2      | Reached skill level 4 in Spellcasting
  3306 | D:2      | Reached XP level 5. HP: 31/39 MP: 11/11
  3817 | D:2      | You fall into a shaft and drop 1 floor!
  3836 | D:2      | Found a shimmering altar of Xom.
  4017 | D:2      | Found a sparkling altar of Nemelex Xobeh.
  4486 | D:3      | Noticed Robin
  4497 | D:3      | Killed Robin
  4634 | D:3      | Reached skill level 1 in Fighting
  4641 | D:3      | Reached XP level 6. HP: 39/47 MP: 7/12
  6087 | D:4      | Found a runed translucent door.
  6088 | D:4      | Noticed Crazy Yiuf
  6112 | D:4      | Killed Crazy Yiuf
  6295 | D:4      | Found a transporter.
  6310 | D:4      | Found a transporter.
  6459 | D:4      | Noticed Eustachio
  6460 | D:4      | Found an iron altar of Okawaru.
  6808 | D:4      | Noticed Dowan
  6808 | D:4      | Noticed Duvessa
  6817 | D:4      | Killed Duvessa
  6818 | D:4      | Reached skill level 5 in Spellcasting
  6818 | D:4      | Your scales start taking on an icy white colour.
  6818 | D:4      | Reached XP level 7. HP: 44/52 MP: 9/14
  6818 | D:4      | Gained mutation: Your flesh is cold resistant. (rC+) [White
                  | Draconian growth]
  6818 | D:4      | Found Rudit's Weapon Emporium.
  6824 | D:4      | Killed Dowan
  6912 | D:3      | Gained mutation: You are robust. (+10% HP) [potion of
                  | mutation]
  6912 | D:3      | Gained mutation: Your spells are a little harder to cast,
                  | but a little more powerful. [potion of mutation]
  7544 | D:3      | Learned a level 3 spell: Mephitic Cloud
  7556 | D:4      | HP: 1/57 [shadow imp/nerve-wracking pain[Eustachio] (10)]
  7557 | D:4      | Succumbed to Eustachio's poison

Illustrated notes

Levels and vault maps discovered:
D:1:      lightli_arrival_windingriver, layout_basic, corexii_corridor_pit,
          minmay_tetromino_l2
D:2:      cheibrodos_pilgrimage, layout_basic,
          grunt_temple_overflow_order_and_chaos_1, lemuel_doored_altar
D:3:      layout_loops_corners, minmay_ruptured, uniq_robin
D:4:      gammafunk_steamed_eel, layout_cave_pools, dancing_weapons_uskayaw,
          okawaru_ov_weapons_minmay, serial_shops, nicolae_shop_behind_doors,
          chequers_avenue, uniq_eustachio, uniq_crazy_yiuf_cottage, uniq_duvessa

Skill      XL: |  1  2  3  4  5  6 |
---------------+-------------------+-----
Stealth        | 2 3 |  3.2
Dodging        | 2 |  2.9
Short Blades   | 1 2 |  2.5
Spellcasting   | 4 5 |  5.2
Summonings     | 2 |  2.6
Conjurations   | 2 |  2.4
Fighting       | 1 |  1.3
Translocations | |  1.0

Action                   |  1- 3 |  4- 6 |  7- 9 || total
-------------------------+-------+-------+-------++-------
Melee: Dagger            |    81 |   200 |       ||   281
       Tailslap          |     2 |    18 |     3 ||    23
       Rapier            |       |     6 |    23 ||    29
Throw: Dart              |       |     1 |       ||     1
 Cast: Magic Dart        |    34 |   107 |     2 ||   143
       Call Imp          |     3 |    36 |     5 ||    44
 Abil: Breathe Frost     |       |       |     1 ||     1
  Use: Scroll            |     5 |     5 |     2 ||    12
       Potion            |     1 |       |     6 ||     7
 Stab: Sleeping          |     2 |     6 |       ||     8
       Distracted        |     1 |       |       ||     1
Armor: Skin              |    29 |    92 |    33 ||   154
Dodge: Dodged            |    60 |   133 |    59 ||   252

Table legend: (Time is in decaauts)
 A = Elapsed time spent in this place.
 B = Non-inter-level travel time spent in this place.
 C = Inter-level travel time spent in this place.
 D = Time resting spent in this place.
 E = Time spent auto-exploring this place.
 F = Levels seen in this place.
 G = Mean time per level.
                   A        B        C        D        E       F      G
               +--------+--------+--------+--------+--------+-----+--------+
         Total |   7526 |   7351 |    175 |   2155 |   3940 |   4 | 1881.5 |
       Dungeon |   7526 |   7351 |    175 |   2155 |   3940 |   4 | 1881.5 |
               +--------+--------+--------+--------+--------+-----+--------+

Top non-repeatable levels by time:
     D:1: 2446 daAuts
     D:3: 2327 daAuts
     D:2: 2137 daAuts
     D:4: 616 daAuts
